 Dungeon Crawl Stone Soup version 0.30-a0-1008-g30c9307041 (webtiles) character file.

Game seed: 11601097056658972225

167 BubbleThief the Cudgeller (level 5, -1/50 HPs)
             Began as a Naga Cinder Acolyte on Apr 6, 2023.
             Was a High Priest of Ignis.
             Slain by Pargi (3 damage)
             ... on level 3 of the Dungeon.
             The game lasted 00:03:54 (1560 turns).

BubbleThief the Cudgeller (Naga Cinder Acolyte)     Turns: 1560, Time: 00:03:54

Health: -1/50      AC:  2    Str: 19    XL:     5   Next: 48%
Magic:  0/6        EV:  9    Int: 14    God:    Ignis [*****.]
Gold:   156        SH:  0    Dex:  6    Spells: 4/6 levels left

rFire   + . .      SeeInvis +    a - -1 mace (flame)
rCold   . . .      Faith    .    (no shield)
rNeg    . . .      Spirit   .    b - +0 robe
rPois   +          Reflect  .    (no helmet)
rElec   .          Rampage  .    (no cloak)
rCorr   .                        (no gloves)
Will    .....                    (no barding)
Stlth   +                        (no amulet)
HPRegen 0.28/turn                (no ring)
MPRegen 0.10/turn                (no ring)

@: short of breath, very slightly contaminated, very slow
A: AC +1, large, see invisible, deformed body, poison resistance, slowness 2,
spit poison 1, naga tail 1
a: Spit Poison, Renounce Religion, Fiery Armour, Foxfire Swarm, Rising Flame


You were on level 3 of the Dungeon.
You worshipped Ignis.
Ignis was extremely pleased with you.
You visited 1 branch of the dungeon, and saw 3 of its levels.

You collected 156 gold pieces.

Inventory:

Hand Weapons
 a - a -1 mace of flaming (weapon)
Armour
 b - a +0 robe (worn)
Scrolls
 d - a scroll of identify
Potions
 i - a potion of attraction


   Skills:
 + Level 4.3 Fighting
 * Level 5.1 Maces & Flails
 - Level 1.0 Spellcasting
 - Level 3.0 Fire Magic


You had 4 spell levels left.
You knew the following spells:

 Your Spells              Type           Power      Damage    Failure   Level
a - Scorch                Fire           18%        2d6       12%         2

Your spell library contained the following spells:

 Spells                   Type           Power      Damage    Failure   Level
 Dazzling Flash           Conj/Hex       0%         N/A       61%         3
 Agony                    Necr           0%         N/A       100%        5
 Silence                  Hex/Air        0%         N/A       100%        5


Dungeon Overview and Level Annotations

Branches:
Dungeon (3/15)

Altars:

Annotations:
D:3 Pargi


Innate Abilities, Weirdness & Mutations

Your serpentine skin is tough. (AC +1)
You have supernaturally acute eyesight. (SInv)
Armour fits poorly on your strangely shaped body.
Your system is resistant to poisons. (rPois)
You cover ground very slowly.
You can spit poison.
You have a snake-like lower body.


Message History

The orc is moderately wounded.
The orc's fire resistance burns away.
The orc barely misses you.
Unknown command.
Casting: Scorch (safe; 12% risk of failure)
Confirm with . or Enter, or press ? or * to list all spells.
You miscast Scorch.
You are very lightly contaminated with residual magic.
Nothing appears to happen.
The orc barely misses you.
Unknown command.
Aiming: Spit Poison (1% risk of failure)
Press: ? - help, Shift-Dir - straight line, f - orc
Aim: an orc, wielding a +0 short sword and wearing a +0 chain mail (moderately wounded, more vulnerable to fire, 70% to hit)
The splash of poison hits the orc.
The orc is poisoned.
The orc is heavily wounded.
The orc hits you with a +0 short sword.
* * * LOW HITPOINT WARNING * * *
You hit the orc but do no damage.
The orc is almost dead.
The orc is no longer more vulnerable to fire.
The orc closely misses you.
Unknown command.
Okay, then.
Okay, then.
You hit the orc. You burn the orc.
You kill the orc!
Unknown command.
You hit Pargi. You burn Pargi.
Pargi is lightly wounded.
Pargi barely misses you. Pargi closely misses you.
Pargi claws you but does no damage.
You hit Pargi. You burn Pargi.
Pargi is moderately wounded.
Pargi bites you.
* * * LOW HITPOINT WARNING * * *
Pargi claws you.
* * * LOW HITPOINT WARNING * * *
Pargi misses you. Pargi bites you.
* * * LOW HITPOINT WARNING * * *
Pargi barely misses you. Pargi claws you.
You die...

#... ....
#..###...#
#..#G#...#
#..###...#
#...........
......_....
#..........
#@# ..###
#T# ...#G#
#.###...###
#.)........
###........
#########


You could see Pargi and a golden eye.

Vanquished Creatures
  An orc priest (D:2)
  Terence (D:2)
  An orc wizard (D:2)
  5 adders (D:2)
  A worm (D:2)
  3 orcs
  3 endoplasms
  2 giant cockroaches
  4 goblins
  6 hobgoblins
  2 quokkas
  3 ball pythons
  3 bats
  2 frilled lizards
  3 kobolds
  A rat (D:1)
41 creatures vanquished.

Notes
Turn   | Place    | Note
-------+----------+-------------------------------------------
     0 | D:1      | BubbleThief the Naga Cinder Acolyte began the quest for the
                  | Orb.
     0 | D:1      | Reached XP level 1. HP: 21/21 MP: 2/2
   191 | D:1      | Reached XP level 2. HP: 27/28 MP: 3/3
   296 | D:1      | Learned a level 2 spell: Scorch
   646 | D:2      | Reached XP level 3. HP: 34/34 MP: 1/4
   736 | D:2      | Reached skill level 4 in Maces & Flails
   824 | D:2      | Reached XP level 4. HP: 37/44 MP: 1/5
  1252 | D:2      | Noticed Terence
  1257 | D:2      | Killed Terence
  1273 | D:2      | Reached XP level 5. HP: 30/50 MP: 1/6
  1285 | D:2      | Reached skill level 5 in Maces & Flails
  1546 | D:3      | Noticed a shining eye
  1546 | D:3      | Noticed Pargi
  1550 | D:3      | Noticed a golden eye
  1552 | D:3      | Found a faded altar of an unknown god.
  1560 | D:3      | HP: 2/50 [Pargi (4)]
  1560 | D:3      | Slain by Pargi

Illustrated notes

Levels and vault maps discovered:
D:1:      ncdulo_lavacross, layout_loops_ring
D:2:      layout_basic, uniq_terence
D:3:      layout_loops_ring, mainiacjoe_overflow_surrounded_room,
          gup_sewer_entry_pipe, hellmonk_ecumenical_altar_watching_god,
          uniq_pargi

Skill      XL: |  1  2  3  4  5 |
---------------+----------------+-----
Maces & Flails | 4 5 |  5.1
Fighting       | 4 |  4.3
Spellcasting   | |  1.0
Fire Magic     | |  3.0

Action                     |  1- 3 |  4- 6 || total
---------------------------+-------+-------++-------
  Melee: Mace              |    31 |    33 ||    64
         Punch             |       |     1 ||     1
   Cast: Scorch            |     4 |    11 ||    15
 Invoke: Fiery Armour      |       |     1 ||     1
Ability: Spit Poison       |    17 |    11 ||    28
    Use: Scroll            |       |     5 ||     5
         Potion            |       |     1 ||     1
 Armour: Robe              |    10 |    16 ||    26
  Dodge: Dodged            |    25 |    30 ||    55

Table legend: (Time is in decaauts)
 A = Elapsed time spent in this place.
 B = Non-inter-level travel time spent in this place.
 C = Inter-level travel time spent in this place.
 D = Time resting spent in this place.
 E = Time spent auto-exploring this place.
 F = Levels seen in this place.
 G = Mean time per level.
                   A        B        C        D        E       F      G
               +--------+--------+--------+--------+--------+-----+--------+
         Total |   1956 |   1907 |     49 |      0 |   1638 |   3 |  652.0 |
       Dungeon |   1956 |   1907 |     49 |      0 |   1638 |   3 |  652.0 |
               +--------+--------+--------+--------+--------+-----+--------+

Top non-repeatable levels by time:
     D:2: 1057 daAuts
     D:1: 860 daAuts
     D:3: 38 daAuts
